Lightning vs Jets

Created - November 17, 2018 at 19:17

Goals
1 2 3 T
Lightning 0 0 2 2
Jets 1 3 1 5
Shots
1 2 3 T
Lightning 6 12 14 32
Jets 14 8 7 29

1st period

1. Jets , Erik Haula 3 (Lee Stempniak 4, Joe Colborne 1) at 4:40

Penalties :
Mikael Backlund (TB.) for Tripping (Minor) at 6:16

2nd period

2. Jets , Marco Scandella 4 (Corey Perry 6, Brendan Smith 3) at 2:23 (PP)
3. Jets , Erik Haula 4 (Joe Colborne 2, Brendan Smith 4) at 7:37
4. Jets , Miro Aaltonen 1 (Fredrik Sjostrom 5, Kevin Hayes 4) at 19:00

Penalties :
John Carlson (TB.) for Holding (Minor) at 2:05, Marcus Johansson (Win) for Tripping (Minor) at 11:27, Sheldon Keefe (TB.) for Tripping (Minor) at 16:31

3rd period

5. Jets , Derek Roy 2 (Devin Setoguchi 4, Marcus Johansson 4) at 3:57
6. Lightning , John Carlson 4 (Kris Versteeg 5, Robert Nilsson 14) at 4:17 (PP)
7. Lightning , Jan Bulis 3 (Gabriel Landeskog 3, Justin Schultz 12) at 11:16

Penalties :
John Carlson (TB.) for Roughing (Minor) at 0:29, Benoit Pouliot (Win) for Roughing (Minor) at 4:04, Henrik Zetterberg (TB.) for Hooking (Minor) at 8:38, Daniel Carcillo (TB.) for Hooking (Minor) at 12:03, Anton Volchenkov (Win) for Kneeing (Minor) at 15:29

Goalie Stats

Adam Munro (TB.), 24 saves from 29 shots - (0.828), L, 1-2-0, 60:00 minutes
Kari Lehtonen (Win), 30 saves from 32 shots - (0.938), W, 5-2-0, 60:00 minutes

Players Stats for Lightning

Player Name              G  A  P  +/- PIM S  H  SB GA TA FO     MP     PP MP  PK MP  
------------------------------------------------------------------------------------
Andy Rogers              0  0  0   0  0   1  0  1  0  0  0/0    21:11   1:11   4:54 
Daniel Carcillo          0  0  0  -1  2   0  0  1  0  0  0/1    13:20   2:28   0:00 
Danny Richmond           0  0  0   0  0   2  0  3  0  0  0/0    21:07   1:11   4:33 
Gabriel Landeskog        0  1  1   0  0   2  0  0  0  0  0/0    11:05   0:04   1:28 
Henrik Zetterberg        0  0  0  -1  2   7  3  0  1  0  4/5    20:55   1:34   2:15 
Jan Bulis                1  0  1   0  0   1  2  0  0  0  4/8    11:32   0:00   2:12 
Jeff Schultz             0  0  0  -2  0   0  2  1  1  0  0/0    27:29   3:00   5:25 
John Carlson             1  0  1  -2  4   4  0  0  2  3  0/0    25:59   3:00   3:57 
Jordan Nolan             0  0  0  -1  0   1  4  0  1  1  8/10   17:20   2:28   3:06 
Justin Schultz           0  1  1  -1  0   0  0  4  0  0  0/0    11:26   0:00   0:00 
Kris Versteeg            0  1  1  -1  0   7  2  0  1  0  2/2    23:36   1:39   5:43 
Kurt Sauer               0  0  0  -1  0   1  1  0  0  2  0/0    13:19   0:00   1:37 
Mikael Backlund          0  0  0  -1  2   0  2  0  0  0  2/4     8:22   0:00   0:00 
Pierre-Luc Létourneau    0  0  0  -1  0   0  0  0  0  1  0/0     8:17   0:00   0:00 
Reilly Smith             0  0  0  -1  0   0  0  0  0  0  0/0     8:17   0:00   0:00 
Robert Nilsson           0  1  1  -1  0   6  2  1  1  2  17/33  23:27   1:39   5:42 
Sheldon Keefe            0  0  0  -1  2   0  3  0  0  0  0/1    13:19   2:28   0:00 
Steve Bernier            0  0  0   0  0   0  0  0  1  0  0/0     9:40   0:13   0:00 

Players Stats for Jets

Player Name              G  A  P  +/- PIM S  H  SB GA TA FO     MP     PP MP  PK MP  
------------------------------------------------------------------------------------
Anton Volchenkov         0  0  0  -1  2   2  1  1  0  2  0/0    15:42   0:00   1:24 
Benoit Pouliot           0  0  0   0  2   5  4  0  1  1  0/0    22:34   5:50   0:11 
Brendan Smith            0  2  2   2  0   1  2  3  1  0  0/0    25:04   5:36   2:36 
Corey Perry              0  1  1   0  0   2  2  1  0  0  0/1    24:24   5:50   1:55 
Derek Roy                1  0  1   1  0   3  1  0  1  1  7/13   17:47   4:23   1:39 
Derek Stepan             0  0  0   0  0   1  1  1  2  0  14/36  22:18   5:50   0:00 
Devin Setoguchi          0  1  1   1  0   2  0  0  0  0  0/0    16:08   4:23   0:00 
Eric Gelinas             0  0  0  -1  0   0  2  1  1  1  0/0    19:31   4:37   0:11 
Erik Haula               2  0  2   1  0   5  0  0  0  0  0/0    15:27   4:37   1:56 
Fredrik Sjostrom         0  1  1   1  0   2  0  0  0  0  0/0     9:26   0:00   0:00 
Jacob Trouba             0  0  0   2  0   0  2  3  0  0  0/0    14:21   0:00   0:59 
Joe Colborne             0  2  2   1  0   2  1  0  1  0  2/7    10:10   0:00   2:13 
Kevin Hayes              0  1  1   1  0   0  2  0  0  0  0/0     9:54   0:00   0:28 
Lee Stempniak            0  1  1   1  0   0  1  1  0  0  0/0     7:36   0:00   0:00 
Marco Scandella          1  0  1   3  0   2  2  0  0  0  0/0    27:49   5:36   3:12 
Marcus Johansson         0  1  1   1  2   0  2  0  2  3  1/1    16:17   4:23   0:00 
Miro Aaltonen            1  0  1   1  0   1  0  1  0  0  3/6     9:26   0:00   0:00 
Tomas Kundratek          0  0  0   1  0   1  0  0  0  0  0/0    11:52   0:00   0:00 

3 Stars

1 - Erik Haula (Win)
2 - Marco Scandella (Win)
3 - Brendan Smith (Win)

Power Play

Lightning - 1 on 3 Attempt(s) - 33.33%
Jets - 1 on 6 Attempt(s) - 16.67%

Penalty Kill

Lightning - 5 on 6 Attempt(s) - 83.33% - Score 0 goal in Penalty Kill
Jets - 2 on 3 Attempt(s) - 66.67% - Score 0 goal in Penalty Kill

Team Stat

Lightning - Hits : 21 - Faceoff Wins : 37 - Blocked Shots : 11 - Penalty Minutes : 12
Jets - Hits : 23 - Faceoff Wins : 27 - Blocked Shots : 12 - Penalty Minutes : 6

Official

Referees : Unknown
Linesman : Unknown

Game Notes

No Game Note

Finance

Level 1 -- Attendance: 6000 (100.00%) -- Ticket Income $468,000
Level 2 -- Attendance: 5000 (100.00%) -- Ticket Income $260,000
Level 3 -- Attendance: 1755 (87.75%) -- Ticket Income $54,405
Level 4 -- Attendance: 3298 (82.45%) -- Ticket Income $92,344
Luxury Box -- Attendance: 919 (91.90%) -- Ticket Income $142,445
Game was played at the MTS Center.
Total Attendance: 16972 (94.29%)
Total Ticket Income: $1,017,194
Other Income: $152,579
Total Income: $1,169,773

Lightning

5 vs 5 Forward 
   Center                   Left Wing                Right Wing               Time % Phy DF OF 
 1 Robert Nilsson           Henrik Zetterberg        Kris Versteeg            40     1   2  2  
 2 Jordan Nolan             Daniel Carcillo          Sheldon Keefe            30     1   2  2  
 3 Jan Bulis                Gabriel Landeskog        Steve Bernier            20     1   2  2  
 4 Mikael Backlund          Pierre-Luc Létourneau    Reilly Smith             10     1   2  2  

5 vs 5 Defense 
   Defense                  Defense                                           Time % Phy DF OF 
 1 Jeff Schultz             John Carlson                                      40     1   2  2  
 2 Andy Rogers              Danny Richmond                                    30     1   2  2  
 3 Justin Schultz           Kurt Sauer                                        20     1   2  2  
 4 Jeff Schultz             John Carlson                                      10     1   2  2  

PowerPlay Forward 
   Center                   Left Wing                Right Wing               Time % Phy DF OF 
 1 Robert Nilsson           Henrik Zetterberg        Kris Versteeg            60     1   2  2  
 2 Jordan Nolan             Daniel Carcillo          Sheldon Keefe            40     1   2  2  

PowerPlay Defense
   Defense                  Defense                                           Time % Phy DF OF 
 1 Jeff Schultz             John Carlson                                      60     1   2  2  
 2 Andy Rogers              Danny Richmond                                    40     1   2  2  

Penalty Kill 4 Players Forward 
   Center                   Wing                     Time % Phy DF OF 
 1 Robert Nilsson           Kris Versteeg            60     1   2  2  
 2 Henrik Zetterberg        Jordan Nolan             40     1   2  2  

Penalty Kill 4 Players Defense
   Defense                  Defense                  Time % Phy DF OF 
 1 Jeff Schultz             John Carlson             60     1   2  2  
 2 Andy Rogers              Danny Richmond           40     1   2  2  

Penalty Kill - 3 Players Forward 
   Forward                                           Time % Phy DF OF 
 1 Robert Nilsson                                    60     1   2  2  
 2 Kris Versteeg                                     40     1   2  2  

Penalty Kill - 3 Players Defense
   Defense                  Defense                  Time % Phy DF OF 
 1 Jeff Schultz             John Carlson             60     1   2  2  
 2 Andy Rogers              Danny Richmond           40     1   2  2  

4 vs 4 Forward 
   Center                   Wing                     Time % Phy DF OF 
 1 Robert Nilsson           Kris Versteeg            60     1   2  2  
 2 Henrik Zetterberg        Jordan Nolan             40     1   2  2  

4 vs 4 Defense
   Defense                  Defense                  Time % Phy DF OF 
 1 Jeff Schultz             John Carlson             60     1   2  2  
 2 Andy Rogers              Danny Richmond           40     1   2  2  

Last Minutes Offensive
   Center                   Left Wing                Right Wing               Defense                  Defense                  
   Robert Nilsson           Henrik Zetterberg        Kris Versteeg            Jeff Schultz             John Carlson             

Last Minutes Defensive
   Center                   Left Wing                Right Wing               Defense                  Defense                  
   Robert Nilsson           Henrik Zetterberg        Kris Versteeg            Jeff Schultz             John Carlson             

Goaltenders
Starting : Adam Munro               
Backup : Jaroslav Halak           

Extra Forwards
Normal : Steve Bernier, Gabriel Landeskog, Jan Bulis - PP : Steve Bernier, Gabriel Landeskog - PK : Jan Bulis
Extra Defensemen
Normal : Justin Schultz, Kurt Sauer, Andy Rogers - PP : Justin Schultz - PK : Kurt Sauer, Andy Rogers
Penalty Shots
Robert Nilsson, Kris Versteeg, Henrik Zetterberg, Jordan Nolan, Daniel Carcillo

Scratches
None

Jets

5 vs 5 Forward 
   Center                   Left Wing                Right Wing               Time % Phy DF OF 
 1 Derek Stepan             Benoit Pouliot           Corey Perry              40     1   2  2  
 2 Derek Roy                Marcus Johansson         Devin Setoguchi          30     1   2  2  
 3 Joe Colborne             Erik Haula               Lee Stempniak            18     1   2  2  
 4 Miro Aaltonen            Fredrik Sjostrom         Kevin Hayes              12     1   2  2  

5 vs 5 Defense 
   Defense                  Defense                                           Time % Phy DF OF 
 1 Marco Scandella          Brendan Smith                                     40     2   2  1  
 2 Eric Gelinas             Anton Volchenkov                                  30     2   2  1  
 3 Tomas Kundratek          Jacob Trouba                                      20     1   3  1  
 4 Marco Scandella          Jacob Trouba                                      10     1   2  2  

PowerPlay Forward 
   Center                   Left Wing                Right Wing               Time % Phy DF OF 
 1 Derek Stepan             Benoit Pouliot           Corey Perry              60     1   0  4  
 2 Derek Roy                Marcus Johansson         Devin Setoguchi          40     1   0  4  

PowerPlay Defense
   Defense                  Defense                                           Time % Phy DF OF 
 1 Brendan Smith            Marco Scandella                                   60     1   1  3  
 2 Erik Haula               Eric Gelinas                                      40     1   1  3  

Penalty Kill 4 Players Forward 
   Center                   Wing                     Time % Phy DF OF 
 1 Joe Colborne             Corey Perry              60     1   3  1  
 2 Erik Haula               Kevin Hayes              40     1   3  1  

Penalty Kill 4 Players Defense
   Defense                  Defense                  Time % Phy DF OF 
 1 Anton Volchenkov         Marco Scandella          60     1   3  1  
 2 Jacob Trouba             Brendan Smith            40     1   3  1  

Penalty Kill - 3 Players Forward 
   Forward                                           Time % Phy DF OF 
 1 Erik Haula                                        60     1   2  2  
 2 Joe Colborne                                      40     1   2  2  

Penalty Kill - 3 Players Defense
   Defense                  Defense                  Time % Phy DF OF 
 1 Anton Volchenkov         Jacob Trouba             60     1   2  2  
 2 Marco Scandella          Brendan Smith            40     1   2  2  

4 vs 4 Forward 
   Center                   Wing                     Time % Phy DF OF 
 1 Derek Stepan             Benoit Pouliot           60     1   2  2  
 2 Marcus Johansson         Corey Perry              40     1   2  2  

4 vs 4 Defense
   Defense                  Defense                  Time % Phy DF OF 
 1 Brendan Smith            Marco Scandella          60     1   2  2  
 2 Jacob Trouba             Eric Gelinas             40     1   2  2  

Last Minutes Offensive
   Center                   Left Wing                Right Wing               Defense                  Defense                  
   Derek Roy                Benoit Pouliot           Corey Perry              Brendan Smith            Marco Scandella          

Last Minutes Defensive
   Center                   Left Wing                Right Wing               Defense                  Defense                  
   Derek Roy                Erik Haula               Corey Perry              Marco Scandella          Anton Volchenkov         

Goaltenders
Starting : Kari Lehtonen            
Backup : Jonathan Bernier         

Extra Forwards
Normal : Benoit Pouliot, Devin Setoguchi, Derek Roy - PP : Benoit Pouliot, Devin Setoguchi - PK : Derek Roy
Extra Defensemen
Normal : Brendan Smith, Anton Volchenkov, Marco Scandella - PP : Marco Scandella - PK : Anton Volchenkov, Marco Scandella
Penalty Shots
Benoit Pouliot, Devin Setoguchi, Corey Perry, Lee Stempniak, Derek Roy

Scratches
James Wright (Healthy), Tyler Myers (Broken Bone (Left Leg) Injury)

% Time on Ice - Lightning

Lines # - Real PCT - Wanted PCT - Time Play
Normal Forward
1 - 36% - 40% - 16:27
2 - 25% - 30% - 11:32
3 - 20% - 20% - 9:20
4 - 18% - 10% - 8:17
Normal Defense
1 - 39% - 40% - 17:49
2 - 33% - 30% - 14:50
3 - 25% - 20% - 11:26
4 - 3% - 10% - 1:31
PP Forward
1 - 41% - 60% - 1:43
2 - 59% - 40% - 2:28
PP Defense
1 - 72% - 60% - 3:00
2 - 28% - 40% - 1:11
PK Forward
1 - 70% - 60% - 7:11
2 - 30% - 40% - 3:02
PK Defense
1 - 58% - 60% - 5:57
2 - 42% - 40% - 4:16
PK3 Forward
1 - 0% - 60%
2 - 0% - 40%
PK3 Defense
1 - 0% - 60%
2 - 0% - 40%
44 Forward
1 - 0% - 60%
2 - 0% - 40%
44 Defense
1 - 0% - 60%
2 - 0% - 40%
Last Minute Offensive  - 0:00
Last Minute Defensive  - 0:00
Total
Forward - 60:00
Defense - 60:00

% Time on Ice - Jets

Lines # - Real PCT - Wanted PCT - Time Play
Normal Forward
1 - 37% - 40% - 16:49
2 - 26% - 30% - 11:45
3 - 17% - 18% - 7:36
4 - 21% - 12% - 9:26
Normal Defense
1 - 40% - 40% - 18:03
2 - 32% - 30% - 14:35
3 - 25% - 20% - 11:12
4 - 4% - 10% - 1:46
PP Forward
1 - 57% - 60% - 5:50
2 - 43% - 40% - 4:23
PP Defense
1 - 55% - 60% - 5:36
2 - 45% - 40% - 4:37
PK Forward
1 - 89% - 60% - 3:43
2 - 11% - 40% - 0:28
PK Defense
1 - 81% - 60% - 3:23
2 - 19% - 40% - 0:48
PK3 Forward
1 - 0% - 60%
2 - 0% - 40%
PK3 Defense
1 - 0% - 60%
2 - 0% - 40%
44 Forward
1 - 0% - 60%
2 - 0% - 40%
44 Defense
1 - 0% - 60%
2 - 0% - 40%
Last Minute Offensive  - 0:00
Last Minute Defensive  - 0:00
Total
Forward - 60:00
Defense - 60:00

Play by Play

1st period


0:01 of 1st period - Derek Stepan wins face-off versus Robert Nilsson in neutral zone.
1:04 of 1st period - Gabriel Landeskog is hit by Joe Colborne and loses puck.
1:49 of 1st period - Snap shot by Lee Stempniak.
1:49 of 1st period - Shot Blocked by Jeff Schultz.
2:01 of 1st period - Slapshot by Eric Gelinas.
2:01 of 1st period - Deflect By Erik Haula.
2:01 of 1st period - Stopped by Adam Munro without a rebound.
2:02 of 1st period - Robert Nilsson wins face-off versus Derek Stepan in Lightning zone.
2:54 of 1st period - Off-side.
2:55 of 1st period - Mikael Backlund wins face-off versus Miro Aaltonen in neutral zone.
3:00 of 1st period - Snap shot by Miro Aaltonen.
3:00 of 1st period - Shot Misses the Net.
3:20 of 1st period - Kris Versteeg is hit by Derek Stepan and loses puck.
3:27 of 1st period - Snap shot by Benoit Pouliot.
3:27 of 1st period - Stopped by Adam Munro with a rebound.
3:41 of 1st period - Daniel Carcillo is hit by Anton Volchenkov and loses puck.
3:48 of 1st period - Wrist shot by Daniel Carcillo.
3:48 of 1st period - Shot Blocked by Anton Volchenkov.
4:00 of 1st period - Kevin Hayes is hit by Mikael Backlund and loses puck.
4:33 of 1st period - Jacob Trouba is hit by Jordan Nolan and loses puck.
4:40 of 1st period - Wrist shot by Erik Haula.
4:40 of 1st period - Goal by Erik Haula - Lightning : 0 - Jets : 1.
4:41 of 1st period - Derek Stepan wins face-off versus Robert Nilsson in neutral zone.
4:52 of 1st period - Snap shot by Benoit Pouliot.
4:52 of 1st period - Shot Misses the Net.
4:54 of 1st period - Slapshot by Benoit Pouliot.
4:54 of 1st period - Stopped by Adam Munro with a rebound.
4:56 of 1st period - Wrist shot by Benoit Pouliot.
4:56 of 1st period - Shot Misses the Net.
4:58 of 1st period - Slapshot by Marco Scandella.
4:58 of 1st period - Deflect By Robert Nilsson.
4:58 of 1st period - Stopped by Adam Munro with a rebound.
5:17 of 1st period - Miro Aaltonen is hit by Henrik Zetterberg and loses puck.
5:26 of 1st period - Jeff Schultz is hit by Kevin Hayes and loses puck.
5:59 of 1st period - Justin Schultz is hit by Corey Perry and loses puck.
6:10 of 1st period - Snap shot by Corey Perry.
6:10 of 1st period - Shot Misses the Net.
6:16 of 1st period - Minor Penalty to Mikael Backlund for Tripping.
6:17 of 1st period - Robert Nilsson wins face-off versus Derek Stepan in Lightning zone.
7:35 of 1st period - Danny Richmond is hit by Eric Gelinas and loses puck.
7:50 of 1st period - Kris Versteeg is hit by Marco Scandella and loses puck.
8:16 of 1st period - Penalty to Mikael Backlund is over, Mikael Backlund is back on ice.
8:27 of 1st period - Wrist shot by Henrik Zetterberg.
8:27 of 1st period - Deflect By Mikael Backlund.
8:27 of 1st period - Shot Misses the Net.
8:27 of 1st period - Puck is out of play.
8:28 of 1st period - Miro Aaltonen wins face-off versus Mikael Backlund in Jets zone.
8:37 of 1st period - Snap shot by Kevin Hayes.
8:37 of 1st period - Shot Blocked by Justin Schultz.
8:47 of 1st period - Snap shot by Fredrik Sjostrom.
8:47 of 1st period - Stopped by Adam Munro with a rebound.
8:49 of 1st period - Slapshot by Tomas Kundratek.
8:49 of 1st period - Stopped by Adam Munro with a rebound.
9:00 of 1st period - Slapshot by Mikael Backlund.
9:00 of 1st period - Shot Misses the Net.
9:20 of 1st period - Slapshot by Justin Schultz.
9:20 of 1st period - Shot Blocked by Miro Aaltonen.
10:37 of 1st period - Off-side.
10:38 of 1st period - Henrik Zetterberg wins face-off versus Derek Stepan in neutral zone.
10:41 of 1st period - Snap shot by Henrik Zetterberg.
10:41 of 1st period - Stopped by Kari Lehtonen without a rebound.
10:42 of 1st period - Robert Nilsson wins face-off versus Derek Stepan in Jets zone.
10:45 of 1st period - Slapshot by Henrik Zetterberg.
10:45 of 1st period - Shot Misses the Net.
11:20 of 1st period - Wrist shot by Marcus Johansson.
11:20 of 1st period - Deflect By Devin Setoguchi.
11:20 of 1st period - Shot Misses the Net.
11:20 of 1st period - Puck is out of play.
11:21 of 1st period - Robert Nilsson wins face-off versus Derek Roy in Lightning zone.
11:54 of 1st period - Slapshot by Benoit Pouliot.
11:54 of 1st period - Deflect By Andy Rogers.
11:54 of 1st period - Stopped by Adam Munro without a rebound.
11:55 of 1st period - Jordan Nolan wins face-off versus Joe Colborne in Lightning zone.
12:02 of 1st period - Snap shot by Daniel Carcillo.
12:02 of 1st period - Shot Misses the Net.
12:04 of 1st period - Wrist shot by Jeff Schultz.
12:04 of 1st period - Deflect By Jordan Nolan.
12:04 of 1st period - Stopped by Kari Lehtonen without a rebound.
12:05 of 1st period - Henrik Zetterberg wins face-off versus Derek Stepan in Jets zone.
12:06 of 1st period - Wrist shot by Kris Versteeg.
12:06 of 1st period - Stopped by Kari Lehtonen without a rebound.
12:07 of 1st period - Derek Stepan wins face-off versus Robert Nilsson in Jets zone.
13:16 of 1st period - Robert Nilsson is hit by Eric Gelinas and loses puck.
13:35 of 1st period - Danny Richmond is hit by Jacob Trouba and loses puck.
13:46 of 1st period - Snap shot by Marco Scandella.
13:46 of 1st period - Deflect By Kevin Hayes.
13:46 of 1st period - Shot Blocked by Andy Rogers.
13:46 of 1st period - Puck is out of play.
13:47 of 1st period - Jordan Nolan wins face-off versus Derek Roy in Lightning zone.
14:13 of 1st period - Corey Perry is hit by Kris Versteeg and loses puck.
14:24 of 1st period - Snap shot by Robert Nilsson.
14:24 of 1st period - Stopped by Kari Lehtonen without a rebound.
14:25 of 1st period - Derek Roy wins face-off versus Jan Bulis in Jets zone.
14:32 of 1st period - Wrist shot by Derek Roy.
14:32 of 1st period - Shot Misses the Net.
15:16 of 1st period - Wrist shot by Erik Haula.
15:16 of 1st period - Shot Blocked by Danny Richmond.
15:18 of 1st period - Slapshot by Brendan Smith.
15:18 of 1st period - Deflect By Lee Stempniak.
15:18 of 1st period - Shot Misses the Net.
15:18 of 1st period - Puck is out of play.
15:19 of 1st period - Jordan Nolan wins face-off versus Joe Colborne in Lightning zone.
15:24 of 1st period - Lee Stempniak is hit by Sheldon Keefe and loses puck.
15:33 of 1st period - Snap shot by Joe Colborne.
15:33 of 1st period - Stopped by Adam Munro with a rebound.
15:35 of 1st period - Snap shot by Erik Haula.
15:35 of 1st period - Shot Misses the Net.
15:37 of 1st period - Wrist shot by Erik Haula.
15:37 of 1st period - Stopped by Adam Munro with a rebound.
15:53 of 1st period - Wrist shot by Jordan Nolan.
15:53 of 1st period - Shot Misses the Net.
16:03 of 1st period - Slapshot by Lee Stempniak.
16:03 of 1st period - Shot Misses the Net.
16:05 of 1st period - Slapshot by Brendan Smith.
16:05 of 1st period - Shot Misses the Net.
16:45 of 1st period - Slapshot by Eric Gelinas.
16:45 of 1st period - Shot Misses the Net.
16:47 of 1st period - Slapshot by Anton Volchenkov.
16:47 of 1st period - Shot Blocked by Daniel Carcillo.
16:49 of 1st period - Slapshot by Erik Haula.
16:49 of 1st period - Stopped by Adam Munro with a rebound.
16:51 of 1st period - Wrist shot by Anton Volchenkov.
16:51 of 1st period - Stopped by Adam Munro with a rebound.
16:53 of 1st period - Slapshot by Erik Haula.
16:53 of 1st period - Shot Misses the Net.
16:55 of 1st period - Snap shot by Joe Colborne.
16:55 of 1st period - Stopped by Adam Munro without a rebound.
16:56 of 1st period - Robert Nilsson wins face-off versus Derek Stepan in Lightning zone.
17:05 of 1st period - Slapshot by Henrik Zetterberg.
17:05 of 1st period - Shot Misses the Net.
17:29 of 1st period - Slapshot by Brendan Smith.
17:29 of 1st period - Stopped by Adam Munro with a rebound.
17:35 of 1st period - Slapshot by Danny Richmond.
17:35 of 1st period - Stopped by Kari Lehtonen without a rebound.
17:36 of 1st period - Derek Roy wins face-off versus Robert Nilsson in Jets zone.
17:36 of 1st period - Derek Roy is hit by Robert Nilsson.
18:02 of 1st period - Anton Volchenkov is hit by Kurt Sauer and loses puck.
18:47 of 1st period - Wrist shot by Henrik Zetterberg.
18:47 of 1st period - Stopped by Kari Lehtonen with a rebound.
18:49 of 1st period - Slapshot by Danny Richmond.
18:49 of 1st period - Shot Misses the Net.
18:51 of 1st period - Snap shot by Robert Nilsson.
18:51 of 1st period - Shot Blocked by Brendan Smith.
Goals for this period are 0 for Lightning vs 1 for Jets.
Shots for this period are 6 for Lightning vs 14 for Jets.

2nd period


0:01 of 2nd period - Derek Stepan wins face-off versus Robert Nilsson in neutral zone.
0:17 of 2nd period - Slapshot by Henrik Zetterberg.
0:17 of 2nd period - Stopped by Kari Lehtonen with a rebound.
0:27 of 2nd period - Danny Richmond is hit by Marcus Johansson and loses puck.
0:50 of 2nd period - Lee Stempniak is hit by Jan Bulis and loses puck.
2:05 of 2nd period - Minor Penalty to John Carlson for Holding.
2:06 of 2nd period - Derek Stepan wins face-off versus Robert Nilsson in Lightning zone.
2:07 of 2nd period - Snap shot by Benoit Pouliot.
2:07 of 2nd period - Deflect By Corey Perry.
2:07 of 2nd period - Stopped by Adam Munro without a rebound.
2:08 of 2nd period - Robert Nilsson wins face-off versus Derek Stepan in Lightning zone.
2:19 of 2nd period - Slapshot by Brendan Smith.
2:19 of 2nd period - Shot Blocked by Robert Nilsson.
2:21 of 2nd period - Snap shot by Corey Perry.
2:21 of 2nd period - Shot Misses the Net.
2:23 of 2nd period - Slapshot by Marco Scandella.
2:23 of 2nd period - Goal by Marco Scandella - Lightning : 0 - Jets : 2.
2:24 of 2nd period - Robert Nilsson wins face-off versus Derek Stepan in neutral zone.
2:51 of 2nd period - Brendan Smith is hit by Jordan Nolan and loses puck.
3:38 of 2nd period - Snap shot by Danny Richmond.
3:38 of 2nd period - Stopped by Kari Lehtonen without a rebound.
3:39 of 2nd period - Derek Stepan wins face-off versus Robert Nilsson in Jets zone.
3:44 of 2nd period - Slapshot by Benoit Pouliot.
3:44 of 2nd period - Stopped by Adam Munro with a rebound.
4:03 of 2nd period - Corey Perry is hit by Kris Versteeg and loses puck.
4:24 of 2nd period - Snap shot by Kris Versteeg.
4:24 of 2nd period - Shot Misses the Net.
4:26 of 2nd period - Slapshot by Justin Schultz.
4:26 of 2nd period - Shot Misses the Net.
4:28 of 2nd period - Snap shot by Henrik Zetterberg.
4:28 of 2nd period - Stopped by Kari Lehtonen with a rebound.
4:36 of 2nd period - Snap shot by Robert Nilsson.
4:36 of 2nd period - Stopped by Kari Lehtonen with a rebound.
4:48 of 2nd period - Slapshot by Robert Nilsson.
4:48 of 2nd period - Shot Blocked by Eric Gelinas.
4:50 of 2nd period - Snap shot by Robert Nilsson.
4:50 of 2nd period - Shot Misses the Net.
4:52 of 2nd period - Wrist shot by Robert Nilsson.
4:52 of 2nd period - Stopped by Kari Lehtonen with a rebound.
5:14 of 2nd period - Snap shot by Kris Versteeg.
5:14 of 2nd period - Shot Misses the Net.
5:16 of 2nd period - Wrist shot by Kris Versteeg.
5:16 of 2nd period - Stopped by Kari Lehtonen with a rebound.
5:18 of 2nd period - Wrist shot by Kris Versteeg.
5:18 of 2nd period - Stopped by Kari Lehtonen with a rebound.
5:20 of 2nd period - Snap shot by Andy Rogers.
5:20 of 2nd period - Shot Blocked by Corey Perry.
5:26 of 2nd period - Snap shot by Kris Versteeg.
5:26 of 2nd period - Shot Misses the Net.
5:32 of 2nd period - Snap shot by Eric Gelinas.
5:32 of 2nd period - Deflect By Benoit Pouliot.
5:32 of 2nd period - Stopped by Adam Munro without a rebound.
5:33 of 2nd period - Marcus Johansson wins face-off versus Jordan Nolan in Lightning zone.
5:46 of 2nd period - Derek Roy is hit by Sheldon Keefe and loses puck.
6:47 of 2nd period - Miro Aaltonen is hit by Jordan Nolan and loses puck.
7:00 of 2nd period - Snap shot by Fredrik Sjostrom.
7:00 of 2nd period - Stopped by Adam Munro without a rebound.
7:01 of 2nd period - Derek Roy wins face-off versus Jan Bulis in Lightning zone.
7:10 of 2nd period - Gabriel Landeskog is hit by Marco Scandella and loses puck.
7:19 of 2nd period - Justin Schultz is hit by Brendan Smith and loses puck.
7:37 of 2nd period - Snap shot by Erik Haula.
7:37 of 2nd period - Goal by Erik Haula - Lightning : 0 - Jets : 3.
7:38 of 2nd period - Jordan Nolan wins face-off versus Derek Roy in neutral zone.
8:07 of 2nd period - Snap shot by Henrik Zetterberg.
8:07 of 2nd period - Stopped by Kari Lehtonen with a rebound.
8:09 of 2nd period - Snap shot by Henrik Zetterberg.
8:09 of 2nd period - Deflect By Corey Perry.
8:09 of 2nd period - Shot Blocked by Jacob Trouba.
8:09 of 2nd period - Puck is out of play.
8:10 of 2nd period - Robert Nilsson wins face-off versus Derek Stepan in Jets zone.
8:15 of 2nd period - Wrist shot by Kris Versteeg.
8:15 of 2nd period - Stopped by Kari Lehtonen with a rebound.
8:40 of 2nd period - Slapshot by Kris Versteeg.
8:40 of 2nd period - Stopped by Kari Lehtonen with a rebound.
8:56 of 2nd period - Danny Richmond is hit by Corey Perry and loses puck.
9:51 of 2nd period - Snap shot by Kris Versteeg.
9:51 of 2nd period - Shot Misses the Net.
9:53 of 2nd period - Snap shot by Kris Versteeg.
9:53 of 2nd period - Shot Misses the Net.
9:55 of 2nd period - Slapshot by Andy Rogers.
9:55 of 2nd period - Deflect By Robert Nilsson.
9:55 of 2nd period - Stopped by Kari Lehtonen without a rebound.
9:56 of 2nd period - Derek Roy wins face-off versus Daniel Carcillo in Jets zone.
9:56 of 2nd period - Derek Roy is hit by Jordan Nolan.
10:45 of 2nd period - Off-side.
10:46 of 2nd period - Miro Aaltonen wins face-off versus Mikael Backlund in neutral zone.
11:27 of 2nd period - Minor Penalty to Marcus Johansson for Tripping.
11:28 of 2nd period - Joe Colborne wins face-off versus Sheldon Keefe in Jets zone.
13:27 of 2nd period - Penalty to Marcus Johansson is over, Marcus Johansson is back on ice.
13:29 of 2nd period - Joe Colborne is hit by Henrik Zetterberg and loses puck.
13:40 of 2nd period - Slapshot by Marcus Johansson.
13:40 of 2nd period - Shot Misses the Net.
14:24 of 2nd period - Snap shot by Corey Perry.
14:24 of 2nd period - Stopped by Adam Munro without a rebound.
14:25 of 2nd period - Miro Aaltonen wins face-off versus Jordan Nolan in Lightning zone.
14:50 of 2nd period - Jacob Trouba is hit by Robert Nilsson and loses puck.
14:57 of 2nd period - Snap shot by Robert Nilsson.
14:57 of 2nd period - Shot Blocked by Jacob Trouba.
14:59 of 2nd period - Slapshot by Danny Richmond.
14:59 of 2nd period - Shot Blocked by Jacob Trouba.
15:01 of 2nd period - Slapshot by Andy Rogers.
15:01 of 2nd period - Stopped by Kari Lehtonen with a rebound.
15:35 of 2nd period - Wrist shot by Mikael Backlund.
15:35 of 2nd period - Shot Blocked by Lee Stempniak.
16:00 of 2nd period - Wrist shot by Henrik Zetterberg.
16:00 of 2nd period - Shot Misses the Net.
16:02 of 2nd period - Slapshot by John Carlson.
16:02 of 2nd period - Shot Misses the Net.
16:31 of 2nd period - Minor Penalty to Sheldon Keefe for Tripping.
16:32 of 2nd period - Robert Nilsson wins face-off versus Derek Stepan in Lightning zone.
16:40 of 2nd period - Off-side.
16:41 of 2nd period - Robert Nilsson wins face-off versus Derek Stepan in neutral zone.
16:52 of 2nd period - Icing by Derek Stepan.
16:53 of 2nd period - Robert Nilsson wins face-off versus Derek Stepan in Jets zone.
16:54 of 2nd period - Slapshot by Kris Versteeg.
16:54 of 2nd period - Shot Hit the Post.
18:09 of 2nd period - Corey Perry is hit by Jeff Schultz and loses puck.
18:31 of 2nd period - Penalty to Sheldon Keefe is over, Sheldon Keefe is back on ice.
18:45 of 2nd period - Off-side.
18:46 of 2nd period - Mikael Backlund wins face-off versus Miro Aaltonen in neutral zone.
18:51 of 2nd period - Tomas Kundratek is hit by Mikael Backlund and loses puck.
19:00 of 2nd period - Wrist shot by Miro Aaltonen.
19:00 of 2nd period - Goal by Miro Aaltonen - Lightning : 0 - Jets : 4.
19:01 of 2nd period - Derek Stepan wins face-off versus Robert Nilsson in neutral zone.
19:28 of 2nd period - Marcus Johansson is hit by Jeff Schultz and loses puck.
19:37 of 2nd period - Slapshot by Daniel Carcillo.
19:37 of 2nd period - Deflect By Jordan Nolan.
19:37 of 2nd period - Shot Blocked by Brendan Smith.
19:37 of 2nd period - Puck is out of play.
19:38 of 2nd period - Jan Bulis wins face-off versus Derek Stepan in Jets zone.
19:39 of 2nd period - Wrist shot by Gabriel Landeskog.
19:39 of 2nd period - Shot Blocked by Derek Stepan.
19:49 of 2nd period - Eric Gelinas is hit by Jan Bulis and loses puck.
Goals for this period are 0 for Lightning vs 3 for Jets.
Shots for this period are 12 for Lightning vs 8 for Jets.

3rd period


0:01 of 3rd period - Derek Stepan wins face-off versus Henrik Zetterberg in neutral zone.
0:05 of 3rd period - Off-side.
0:06 of 3rd period - Robert Nilsson wins face-off versus Derek Stepan in neutral zone.
0:15 of 3rd period - Snap shot by Kris Versteeg.
0:15 of 3rd period - Shot Blocked by Brendan Smith.
0:29 of 3rd period - Minor Penalty to John Carlson for Roughing.
0:30 of 3rd period - Robert Nilsson wins face-off versus Derek Stepan in Lightning zone.
2:29 of 3rd period - Penalty to John Carlson is over, John Carlson is back on ice.
2:57 of 3rd period - Snap shot by Benoit Pouliot.
2:57 of 3rd period - Shot Misses the Net.
2:59 of 3rd period - Slapshot by Corey Perry.
2:59 of 3rd period - Shot Misses the Net.
3:01 of 3rd period - Slapshot by Erik Haula.
3:01 of 3rd period - Deflect By Corey Perry.
3:01 of 3rd period - Shot Misses the Net.
3:01 of 3rd period - Puck is out of play.
3:02 of 3rd period - Jan Bulis wins face-off versus Miro Aaltonen in Lightning zone.
3:13 of 3rd period - Snap shot by Gabriel Landeskog.
3:13 of 3rd period - Stopped by Kari Lehtonen without a rebound.
3:14 of 3rd period - Derek Roy wins face-off versus Jan Bulis in Jets zone.
3:25 of 3rd period - Wrist shot by Marcus Johansson.
3:25 of 3rd period - Deflect By Devin Setoguchi.
3:25 of 3rd period - Shot Misses the Net.
3:25 of 3rd period - Puck is out of play.
3:26 of 3rd period - Derek Roy wins face-off versus Robert Nilsson in Lightning zone.
3:29 of 3rd period - Backhand shot by Derek Roy.
3:29 of 3rd period - Deflect By Devin Setoguchi.
3:29 of 3rd period - Stopped by Adam Munro with a rebound.
3:31 of 3rd period - Snap shot by Derek Roy.
3:31 of 3rd period - Shot Blocked by Justin Schultz.
3:33 of 3rd period - Snap shot by Derek Roy.
3:33 of 3rd period - Deflect By Marcus Johansson.
3:33 of 3rd period - Shot Blocked by Justin Schultz.
3:33 of 3rd period - Puck is out of play.
3:34 of 3rd period - Derek Roy wins face-off versus Robert Nilsson in Lightning zone.
3:37 of 3rd period - Snap shot by Derek Roy.
3:37 of 3rd period - Stopped by Adam Munro with a rebound.
3:53 of 3rd period - Snap shot by Derek Roy.
3:53 of 3rd period - Shot Blocked by Justin Schultz.
3:55 of 3rd period - Wrist shot by Devin Setoguchi.
3:55 of 3rd period - Shot Hit the Post.
3:57 of 3rd period - Wrist shot by Derek Roy.
3:57 of 3rd period - Goal by Derek Roy - Lightning : 0 - Jets : 5.
3:58 of 3rd period - Henrik Zetterberg wins face-off versus Derek Stepan in neutral zone.
4:04 of 3rd period - Minor Penalty to Benoit Pouliot for Roughing.
4:05 of 3rd period - Robert Nilsson wins face-off versus Corey Perry in Jets zone.
4:07 of 3rd period - Wrist shot by Robert Nilsson.
4:07 of 3rd period - Shot Misses the Net.
4:09 of 3rd period - Slapshot by Jeff Schultz.
4:09 of 3rd period - Shot Misses the Net.
4:11 of 3rd period - Wrist shot by Kris Versteeg.
4:11 of 3rd period - Stopped by Kari Lehtonen with a rebound.
4:13 of 3rd period - Slapshot by Robert Nilsson.
4:13 of 3rd period - Stopped by Kari Lehtonen without a rebound.
4:14 of 3rd period - Robert Nilsson wins face-off versus Joe Colborne in Jets zone.
4:17 of 3rd period - Wrist shot by John Carlson.
4:17 of 3rd period - Goal by John Carlson - Lightning : 1 - Jets : 5.
4:18 of 3rd period - Derek Stepan wins face-off versus Robert Nilsson in neutral zone.
4:27 of 3rd period - Snap shot by Kris Versteeg.
4:27 of 3rd period - Shot Misses the Net.
4:29 of 3rd period - Slapshot by John Carlson.
4:29 of 3rd period - Stopped by Kari Lehtonen without a rebound.
4:30 of 3rd period - Robert Nilsson wins face-off versus Derek Stepan in Jets zone.
4:31 of 3rd period - Slapshot by Henrik Zetterberg.
4:31 of 3rd period - Stopped by Kari Lehtonen without a rebound.
4:32 of 3rd period - Derek Stepan wins face-off versus Robert Nilsson in Jets zone.
4:32 of 3rd period - Derek Stepan is hit by Henrik Zetterberg.
4:45 of 3rd period - Icing by Derek Stepan.
4:46 of 3rd period - Kris Versteeg wins face-off versus Derek Stepan in Jets zone.
4:55 of 3rd period - Wrist shot by Robert Nilsson.
4:55 of 3rd period - Shot Misses the Net.
5:05 of 3rd period - Slapshot by Derek Stepan.
5:05 of 3rd period - Stopped by Adam Munro without a rebound.
5:06 of 3rd period - Jordan Nolan wins face-off versus Derek Roy in Lightning zone.
5:15 of 3rd period - Snap shot by Devin Setoguchi.
5:15 of 3rd period - Stopped by Adam Munro without a rebound.
5:16 of 3rd period - Jordan Nolan wins face-off versus Derek Roy in Lightning zone.
5:39 of 3rd period - Snap shot by Derek Roy.
5:39 of 3rd period - Stopped by Adam Munro with a rebound.
5:41 of 3rd period - Snap shot by Devin Setoguchi.
5:41 of 3rd period - Shot Misses the Net.
5:43 of 3rd period - Slapshot by Anton Volchenkov.
5:43 of 3rd period - Stopped by Adam Munro without a rebound.
5:44 of 3rd period - Kris Versteeg wins face-off versus Derek Stepan in Lightning zone.
6:49 of 3rd period - Snap shot by Henrik Zetterberg.
6:49 of 3rd period - Stopped by Kari Lehtonen without a rebound.
6:50 of 3rd period - Jordan Nolan wins face-off versus Derek Stepan in Jets zone.
7:40 of 3rd period - Wrist shot by Danny Richmond.
7:40 of 3rd period - Shot Misses the Net.
8:14 of 3rd period - Off-side.
8:15 of 3rd period - Jordan Nolan wins face-off versus Derek Stepan in neutral zone.
8:19 of 3rd period - John Carlson is hit by Benoit Pouliot and loses puck.
8:38 of 3rd period - Minor Penalty to Henrik Zetterberg for Hooking.
8:39 of 3rd period - Robert Nilsson wins face-off versus Derek Stepan in Lightning zone.
9:48 of 3rd period - Icing by Derek Stepan.
9:49 of 3rd period - Derek Stepan wins face-off versus Jan Bulis in Jets zone.
10:20 of 3rd period - Kris Versteeg is hit by Benoit Pouliot and loses puck.
10:38 of 3rd period - Penalty to Henrik Zetterberg is over, Henrik Zetterberg is back on ice.
11:10 of 3rd period - Off-side.
11:11 of 3rd period - Jan Bulis wins face-off versus Joe Colborne in neutral zone.
11:16 of 3rd period - Snap shot by Gabriel Landeskog.
11:16 of 3rd period - Deflect By Jan Bulis.
11:16 of 3rd period - Goal by Jan Bulis - Lightning : 2 - Jets : 5.
11:17 of 3rd period - Derek Stepan wins face-off versus Robert Nilsson in neutral zone.
11:26 of 3rd period - Jeff Schultz is hit by Brendan Smith and loses puck.
11:33 of 3rd period - Wrist shot by John Carlson.
11:33 of 3rd period - Shot Misses the Net.
12:03 of 3rd period - Minor Penalty to Daniel Carcillo for Hooking.
12:04 of 3rd period - Derek Stepan wins face-off versus Robert Nilsson in Lightning zone.
12:37 of 3rd period - Andy Rogers is hit by Derek Roy and loses puck.
14:03 of 3rd period - Penalty to Daniel Carcillo is over, Daniel Carcillo is back on ice.
14:17 of 3rd period - Reilly Smith is hit by Kevin Hayes and loses puck.
14:57 of 3rd period - Snap shot by Kurt Sauer.
14:57 of 3rd period - Stopped by Kari Lehtonen without a rebound.
14:58 of 3rd period - Jan Bulis wins face-off versus Derek Roy in Jets zone.
15:05 of 3rd period - Snap shot by Gabriel Landeskog.
15:05 of 3rd period - Stopped by Kari Lehtonen without a rebound.
15:06 of 3rd period - Derek Stepan wins face-off versus Robert Nilsson in Jets zone.
15:19 of 3rd period - Snap shot by Kris Versteeg.
15:19 of 3rd period - Stopped by Kari Lehtonen with a rebound.
15:21 of 3rd period - Slapshot by Robert Nilsson.
15:21 of 3rd period - Stopped by Kari Lehtonen with a rebound.
15:23 of 3rd period - Slapshot by John Carlson.
15:23 of 3rd period - Stopped by Kari Lehtonen with a rebound.
15:29 of 3rd period - Minor Penalty to Anton Volchenkov for Kneeing.
15:30 of 3rd period - Joe Colborne wins face-off versus Robert Nilsson in Jets zone.
16:05 of 3rd period - Slapshot by John Carlson.
16:05 of 3rd period - Stopped by Kari Lehtonen with a rebound.
16:24 of 3rd period - Erik Haula is hit by Sheldon Keefe and loses puck.
17:17 of 3rd period - Wrist shot by Jordan Nolan.
17:17 of 3rd period - Deflect By Daniel Carcillo.
17:17 of 3rd period - Shot Misses the Net.
17:17 of 3rd period - Puck is out of play.
17:18 of 3rd period - Henrik Zetterberg wins face-off versus Joe Colborne in Jets zone.
17:29 of 3rd period - Penalty to Anton Volchenkov is over, Anton Volchenkov is back on ice.
17:45 of 3rd period - Slapshot by Eric Gelinas.
17:45 of 3rd period - Shot Blocked by Danny Richmond.
18:05 of 3rd period - Mikael Backlund is hit by Benoit Pouliot and loses puck.
18:46 of 3rd period - Gabriel Landeskog is hit by Jacob Trouba and loses puck.
18:51 of 3rd period - Wrist shot by Miro Aaltonen.
18:51 of 3rd period - Shot Blocked by Danny Richmond.
19:12 of 3rd period - Mikael Backlund is hit by Marcus Johansson and loses puck.
19:23 of 3rd period - Kris Versteeg is hit by Lee Stempniak and loses puck.
19:45 of 3rd period - Jan Bulis is hit by Benoit Pouliot and loses puck.
Goals for this period are 2 for Lightning vs 1 for Jets.
Shots for this period are 14 for Lightning vs 7 for Jets.